 Dungeon Crawl Stone Soup version 0.29-a0-284-gf9362112df (webtiles) character file.

Game seed: 7283392939289060779

3544 spaghetti the Fighter (level 10, 0/111 HPs)
             Began as an Ogre Transmuter on Mar 24, 2022.
             Was a Priest of the Shining One.
             Slain by a fire dragon (8 damage)
             ... on level 8 of the Dungeon.
             The game lasted 00:12:30 (6833 turns).

spaghetti the Fighter (Ogre Transmuter)             Turns: 6833, Time: 00:12:31

Health: 0/111      AC: 11    Str: 23    XL:     10   Next: 9%
Magic:  12/13      EV: 10    Int: 14    God:    the Shining One [***...]
Gold:   571        SH:  0    Dex:  9    Spells: 10/13 levels left

rFire   + . .      SeeInvis .   d - +2 lajatang (protect) {staff}
rCold   . . .      Faith    .   (shield currently unavailable)
rNeg    + . .      Spirit   .   a - +1 robe
rPois   +          Reflect  .   (helmet currently unavailable)
rElec   +          Harm     .   (no cloak)
rCorr   .          Rampage  .   (gloves unavailable)
Will    +....      Rage     1%  (boots unavailable)
Stlth   +.........              s - amulet of regeneration {@e2}
HPRegen 1.08/turn               C - ring of poison resistance
MPRegen 0.13/turn               g - ring "Olimpu" {Fly rF+ Str+3}

@: about to teleport, appendages, wereblooded, under a protective aura, flying,
hasted, glowing, very quick
A: horns 2, talons 2, large, unfitting armour, tough skin 1, claws 1, berserk 1,
sense surroundings 1, electricity resistance
a: End Transformation, Renounce Religion, Divine Shield, Cleansing Flame


You were on level 8 of the Dungeon.
You worshipped the Shining One.
The Shining One was most pleased with you.
You had temporarily grown beastly horns and talons.
You visited 1 branch of the dungeon, and saw 8 of its levels.

You collected 599 gold pieces.
You spent 28 gold pieces at shops.


Innate Abilities, Weirdness & Mutations

You have temporarily grown beastly horns and talons.
You are too large for most types of armour.
You have tough skin. (AC +1)
You have sharp fingernails.
You tend to lose your temper in combat.
You passively map a small area around you.
You are resistant to electric shocks. (rElec)


   Skills:
 + Level 10.6 Fighting
 - Level 0.5(4.2) Maces & Flails
 + Level 7.4 Staves
 - Level 5.0 Throwing
 + Level 4.2 Dodging
 - Level 2.6 Unarmed Combat
 - Level 2.4 Spellcasting
 - Level 5.0 Transmutations
 + Level 1.7 Invocations


You had 10 spell levels left.
You knew the following spells:

 Your Spells              Type           Power      Damage    Failure   Level
a - Beastly Appendage     Tmut           30%        N/A       3%          1
b - Wereblood             Tmut           15%        N/A       4%          2

Your spell library contained the following spells:

 Spells                   Type           Power      Damage    Failure   Level
 Animate Skeleton         Necr           2%         N/A       22%         1
 Pain                     Necr           4%         1d4       22%         1
 Shock                    Conj/Air       4%         1d3       22%         1
 Spider Form              Tmut/Pois      8%         N/A       24%         3
 Stone Arrow              Conj/Erth      2%         3d7       56%         3
 Swiftness                Air            1%         N/A       56%         3
 Vampiric Draining        Necr           1%         2d6       56%         3
 Ice Form                 Ice/Tmut       8%         N/A       63%         4
 Airstrike                Air            0%         N/A       92%         4
 Animate Armour           Summ/Erth      2%         N/A       92%         4
 Lehudib's Crystal Spear  Conj/Erth      0%         10d2      100%        8

Inventory:

Hand Weapons
 d - a +2 lajatang of protection (weapon) {staff}
   (You acquired it on level 2 of the Dungeon)
 h - a +0 hunting sling {sling}
   (You found it on level 1 of the Dungeon)
 j - a +0 dagger {short}
   (You took it off a goblin on level 1 of the Dungeon)
 k - a +0 short sword {short}
   (You took it off a kobold on level 1 of the Dungeon)
 m - a +0 whip {mace}
   (You took it off a kobold on level 1 of the Dungeon)
 n - a +1 short sword of flaming {short}
   (You took it off a kobold on level 1 of the Dungeon)
Missiles
 c - 130 stones (quivered) {throwing}
 t - 4 boomerangs {throwing}
 u - 4 curare-tipped darts {=fthrowing}
 y - 7 poisoned darts {throwing}
Armour
 a - a +1 robe (worn)
Magical Staves
 v - a staff of poison {!astaff}
   (You found it on level 2 of the Dungeon)
 A - a staff of fire {!astaff}
   (You found it on level 6 of the Dungeon)
Jewellery
 b - a ring of resist corrosion
   (You found it on level 5 of the Dungeon)
 g - the ring "Olimpu" (right claw) {Fly rF+ Str+3}
   (You found it on level 7 of the Dungeon)

   [ring of protection from fire]

   Str:       It affects your strength (+3).
   rF:        It protects you from fire.
   Fly:       It grants you flight.
 s - an amulet of regeneration (around neck) {@e2}
   (You found it on level 4 of the Dungeon)
 C - a ring of poison resistance (left claw)
   (You found it on level 7 of the Dungeon)
Wands
 x - a wand of mindburst (10)
   (You found it on level 6 of the Dungeon)
 B - a wand of polymorph (6)
   (You found it on level 7 of the Dungeon)
Scrolls
 e - 2 scrolls of immolation {!r!r}
 f - 2 scrolls of teleportation {@r4}
 i - 2 scrolls of amnesia
 l - a scroll of magic mapping {!r}
 o - 2 scrolls of noise {!r}
 w - 4 scrolls of vulnerability {!r!r}
 D - a scroll of fog
 G - a scroll of identify {@r1}
Potions
 q - a potion of magic
 r - a potion of mutation {!q}
 z - a potion of attraction {!q}

Dungeon Overview and Level Annotations

Branches:
Dungeon (8/15)             Temple (0/1) D:4            Lair (0/6) D:8

Altars:
Ashenzari
Cheibriados
Elyvilon
Fedhas
Kikubaaqudgha
Okawaru
Uskayaw
Vehumet
Xom
The Shining One

Shops:
D:1 (   D:2 *

Annotations:
D:3 1 runed translucent door, Crazy Yiuf
D:4 exclusions: oklob plant and 1 more exclusion

........#....###..##
............## #...#
* ##..######.##
#...# #.## #..*
##...### ##.
#..###..##..## .*
#..##..###...# #.
*#.....###..##.. *,
*#..###..#..## .. ,
, .., ##.@.# * # , ,
* ##D§# * , **
,#....§§§§.# ,
...?≈§§§§.....# ,
...≈≈≈§§≈.....# * ,
*#..≈≈≈.≈§§....#
#..≈§≈>.≈≈.#... , ,
...≈§≈≈.≈≈.##.., , ,
, , .. .§≈≈§.≈.# #.,
,


You could see a fire dragon (catching breath).


Message History

The fire dragon bites you! The fire dragon claws you!
The fire dragon barely misses you. 😮 HP[-17]
You take 17 damage, and now have 83/111 hp.
You slash the fire dragon!
Your weapon exudes an aura of protection.
You claw the fire dragon, but do no damage.
The fire dragon bites you! The fire dragon completely misses you.
The fire dragon tramples you.
You are shoved backwards! 😮 HP[-11]
You take 11 damage, and now have 72/111 hp.
You hit the fire dragon. The fire dragon closely misses you. x2
The fire dragon tramples you but does no damage. 😮 HP[+1]
You hit the fire dragon.
You claw the fire dragon, but do no damage.
The fire dragon bites you! The fire dragon misses you.
The fire dragon tramples you but does no damage. 😮 HP[-9]
You take 9 damage, and now have 64/111 hp.
You hit the fire dragon. Your kick misses the fire dragon.
The fire dragon bites you! The fire dragon claws you.
* * * LOW HITPOINT WARNING * * *
The fire dragon barely misses you. 😨 HP[-9]
You take 9 damage, and now have 55/111 hp.
You hit the fire dragon but do no damage.
You claw the fire dragon, but do no damage.
You headbutt the fire dragon, but do no damage.
The fire dragon breathes flames at you. The blast of flame hits you!!
You resist.
* * * LOW HITPOINT WARNING * * *
You hear a shout! 😨 HP[-18] MP[+1]
You take 18 damage, and now have 37/111 hp.
Okay, then.
You fail to use your ability.
The fire dragon misses you. The fire dragon closely misses you.
The fire dragon tramples you.
* * * LOW HITPOINT WARNING * * *
You hold your ground! 😨 HP[-1]
You take 1 damage, and now have 36/111 hp.
Okay, then.
Okay, then.
You fail to use your ability.
The fire dragon closely misses you. The fire dragon claws you.
* * * LOW HITPOINT WARNING * * *
The fire dragon tramples you.
* * * LOW HITPOINT WARNING * * *
You hold your ground! 😨 HP[-6]
You take 6 damage, and now have 30/111 hp.
Okay, then.
Okay, then.
Okay, then.
It was a potion of haste.
You feel yourself speed up.
The fire dragon bites you but does no damage.
The fire dragon claws you.
* * * LOW HITPOINT WARNING * * *
The fire dragon completely misses you. 😱 HP[-5]
You take 5 damage, and now have 25/111 hp.
As you read the scroll of teleportation {@r4}, it crumbles to dust.
You feel strangely unstable. The fire dragon closely misses you.
The fire dragon claws you.
* * * LOW HITPOINT WARNING * * *
The fire dragon tramples you!
* * * LOW HITPOINT WARNING * * *
You hold your ground! 😱 HP[-11]
You take 11 damage, and now have 14/111 hp.
As you read the scroll labelled YNUHACS VAFAON, it crumbles to dust.
It is a scroll of enchant armour.
Your +0 robe glows green for a moment. 😱 HP[+1]
Okay, then.
Okay, then.
Okay, then.
Okay, then.
Okay, then.
You feel better. The fire dragon breathes flames at you.
The blast of flame hits you! You resist.
* * * LOW HITPOINT WARNING * * *
😱 HP[-1]
You take 1 damage, and now have 14/111 hp.
You slash the fire dragon!
Your weapon exudes an aura of protection.
You claw the fire dragon. The fire dragon bites you.
* * * LOW HITPOINT WARNING * * *
The fire dragon barely misses you. The fire dragon tramples you.
* * * LOW HITPOINT WARNING * * *
You hold your ground! 😱 HP[-7]
You take 7 damage, and now have 7/111 hp.
You slice the fire dragon!! You slash the fire dragon!
Your kick misses the fire dragon. The fire dragon bites you!
You die...

Skill      XL: |  1  2  3  4  5  6  7  8  9 |
---------------+----------------------------+-----
Fighting       | 2 3 4 5 6 8 10 | 10.6
Transmutations | 2 3 4 5 |  5.0
Staves         | 1 2 3 4 5 7 |  7.4
Throwing       | 2 4 5 |  5.0
Dodging        | 4 |  4.2
Invocations    | 1 |  1.7
Maces & Flails | |  0.5
Unarmed Combat | |  2.6
Spellcasting   | |  2.4

Action                   |  1- 3 |  4- 6 |  7- 9 | 10-12 || total
-------------------------+-------+-------+-------+-------++-------
Melee: Unarmed           |    59 |       |       |       ||    59
       Headbutt          |     8 |       |    15 |     1 ||    24
       Kick              |    15 |       |    25 |     4 ||    44
       Whip              |    67 |       |       |       ||    67
       Lajatang          |     5 |   102 |   221 |     8 ||   336
       Punch             |     1 |       |       |       ||     1
Throw: Stone             |       |     5 |   140 |       ||   145
 Cast: Beastly Appendage |    11 |       |    16 |     1 ||    28
       Wereblood         |     4 |     1 |    21 |     1 ||    27
  Use: Scroll            |     2 |     5 |     6 |     2 ||    15
       Potion            |       |     7 |     3 |     2 ||    12
 Stab: Sleeping          |     1 |       |       |       ||     1
Armor: Robe              |    74 |    57 |    84 |     3 ||   218
       Skin              |       |    17 |       |       ||    17
Dodge: Dodged            |    55 |    65 |   124 |    12 ||   256

Levels and vault maps discovered:
D:1:      erik_arrival_orb_chamber, layout_rooms, serial_shops,
          nicolae_lakefront_shop, st_stairs_3, minmay_pentomino_s2
D:2:      layout_loops_ring, hellmonk_ecumenical_altar_heavens_door,
          serial_shops, shop, moated_statue, minmay_puff
D:3:      layout_rooms, uniq_grinder, uniq_crazy_yiuf_cottage, uniq_natasha
D:4:      layout_rooms, led_xom_imps, kennysheep_mini_moat, tgw_fedhas,
          minmay_temple_entry_statues_fountains
D:5:      layout_rooms, lemuel_doored_altar, st_stairs_2, uniq_menkaure,
          uniq_duvessa
D:6:      layout_basic
D:7:      layout_basic, amcnicky_altar_gilded,
          chequers_temple_overflow_statue_of_worship, minmay_starry_boxes,
          uniq_maggie
D:8:      lemuel_castle_with_subvaults [lemuel_castle_interior_carwin_3],
          layout_layer_cave, minmay_lair_entry_lava, minmay_misc_feat_tiny

Notes
Turn   | Place    | Note
-------+----------+-------------------------------------------
     0 | D:1      | spaghetti the Ogre Transmuter began the quest for the Orb.
     0 | D:1      | Reached XP level 1. HP: 19/19 MP: 3/3
     0 | D:1      | magus.rc [v1.9.6]
   151 | D:1      | Reached skill level 2 in Fighting
   175 | D:1      | Reached skill level 2 in Transmutations
   180 | D:1      | Reached XP level 2. HP: 27/29 MP: 3/5
   183 | D:1      | Learned a level 2 spell: Wereblood
   251 | D:1      | Reached skill level 3 in Fighting
   477 | D:1      | Reached XP level 3. HP: 36/37 MP: 6/6
   674 | D:1      | Found Risi's Antique Weapon Boutique.
   810 | D:1      | You pick up a book of Necromancy and begin reading...
   810 | D:1      | You add the spells Pain, Animate Skeleton and Vampiric
                  | Draining to your library.
  1272 | D:2      | Identified a scroll of acquirement
  1272 | D:2      | Acquired a +1 vampiric lajatang
  1289 | D:2      | Reached XP level 4. HP: 44/48 MP: 7/7
  1393 | D:2      | Reached skill level 4 in Fighting
  1577 | D:2      | Found Sihezyxokk's General Store.
  1586 | D:2      | Bought a scroll of identify for 28 gold pieces
  1912 | D:2      | Found a faded altar of an unknown god.
  1915 | D:2      | Prayed at the altar of an unknown god.
  1915 | D:2      | Became a worshipper of the Shining One
  1915 | D:2      | Reached * piety under the Shining One
  2121 | D:3      | Noticed Natasha
  2134 | D:3      | HP: 6/48 [Natasha (7)]
  2138 | D:3      | Gained mutation: You have hidden genetic potential. [potion
                  | of mutation]
  2138 | D:3      | Gained mutation: You tend to lose your temper in combat.
                  | [potion of mutation]
  2138 | D:3      | Gained mutation: You have sharp fingernails. [potion of
                  | mutation]
  2142 | D:3      | Killed Natasha
  2143 | D:3      | Reached skill level 1 in Staves
  2143 | D:3      | Reached XP level 5. HP: 16/55 MP: 8/8
  2145 | D:3      | Noticed Natasha
  2148 | D:3      | Killed Natasha
  2149 | D:3      | Reached skill level 3 in Transmutations
  2151 | D:3      | Noticed Natasha
  2155 | D:3      | Killed Natasha
  2169 | D:3      | Gained mutation: You passively map a small area around you.
                  | [hidden potential]
  2478 | D:3      | Noticed Grinder
  2487 | D:3      | Paralysed by Grinder for 4 turns
  2494 | D:3      | Killed Grinder
  2495 | D:3      | Reached skill level 5 in Fighting
  2495 | D:3      | Reached skill level 2 in Staves
  2495 | D:3      | Reached XP level 6. HP: 45/67 MP: 9/9
  2515 | D:3      | Gained mutation: You are resistant to electric shocks.
                  | (rElec) [hidden potential]
  2515 | D:3      | Lost mutation: You have hidden genetic potential. [hidden
                  | potential expressed]
  2730 | D:3      | Found a runed translucent door.
  2731 | D:3      | Noticed Crazy Yiuf
  2840 | D:4      | Found a staircase to the Ecumenical Temple.
  2931 | D:4      | Found a shimmering altar of Xom.
  2935 | D:4      | Reached ** piety under the Shining One
  2936 | D:4      | Reached skill level 3 in Staves
  2965 | D:4      | Reached XP level 7. HP: 70/74 MP: 10/10
  2972 | D:4      | Reached skill level 1 in Throwing
  2975 | D:4      | Reached skill level 6 in Fighting
  2975 | D:4      | Reached skill level 4 in Transmutations
  3372 | D:4      | Found a blossoming altar of Fedhas.
  3390 | D:4      | Noticed an oklob plant
  3484 | D:4      | Found a white marble altar of Elyvilon.
  3539 | D:5      | Entered Level 5 of the Dungeon
  3566 | D:5      | Reached skill level 2 in Throwing
  3591 | D:5      | Noticed Dowan
  3592 | D:5      | Noticed Duvessa
  3609 | D:5      | Killed Dowan
  3613 | D:5      | Killed Duvessa
  3614 | D:5      | Reached skill level 4 in Staves
  3614 | D:5      | Reached XP level 8. HP: 50/84 MP: 11/11
  3662 | D:5      | HP: 21/84 [killer bee (9)]
  3667 | D:6      | HP: 20/84 [killer bee (2)]
  3673 | D:6      | Reached skill level 7 in Fighting
  3733 | D:5      | Noticed Menkaure
  3744 | D:6      | Reached skill level 3 in Throwing
  3744 | D:6      | HP: 19/87 [killer bee (4)]
  3749 | D:6      | HP: 15/87 [poisoned by a killer bee]
  3991 | D:5      | Killed Menkaure
  3992 | D:5      | Reached skill level 5 in Transmutations
  4271 | D:5      | You pick up a book of Air and begin reading...
  4271 | D:5      | You add the spells Shock, Swiftness and Airstrike to your
                  | library.
  4297 | D:5      | Found a snail-covered altar of Cheibriados.
  4355 | D:5      | Reached skill level 8 in Fighting
  4355 | D:5      | Reached skill level 5 in Staves
  4451 | D:5      | Reached skill level 4 in Throwing
  4723 | D:6      | Reached XP level 9. HP: 97/97 MP: 9/12
  5009 | D:6      | Reached skill level 9 in Fighting
  5149 | D:6      | Reached skill level 5 in Throwing
  5248 | D:6      | Reached skill level 6 in Staves
  5757 | D:7      | You pick up a book of Armaments and begin reading...
  5757 | D:7      | You add the spells Stone Arrow, Animate Armour and
                  | Lehudib's Crystal Spear to your library.
  5798 | D:7      | Reached skill level 2 in Dodging
  6116 | D:7      | Noticed a hornet
  6124 | D:7      | Killed a hornet
  6125 | D:7      | Reached skill level 10 in Fighting
  6125 | D:7      | Reached skill level 3 in Dodging
  6132 | D:7      | Reached skill level 7 in Staves
  6259 | D:7      | Identified the ring "Olimpu" {Fly rF+ Str+3}
  6295 | D:7      | Found a radiant altar of Vehumet.
  6297 | D:7      | Found an ancient bone altar of Kikubaaqudgha.
  6297 | D:7      | Found a hide-covered altar of Uskayaw.
  6298 | D:7      | Found a broken altar of Ashenzari.
  6335 | D:7      | Found an iron altar of Okawaru.
  6453 | D:7      | Reached *** piety under the Shining One
  6543 | D:7      | Noticed Maggie
  6556 | D:7      | Killed Maggie
  6557 | D:7      | Reached skill level 4 in Dodging
  6557 | D:7      | Reached skill level 1 in Invocations
  6557 | D:7      | Reached XP level 10. HP: 98/111 MP: 10/13
  6814 | D:8      | Noticed a fire dragon
  6816 | D:8      | Found a staircase to the Lair.
  6827 | D:8      | HP: 25/111 [fire dragon (6)]
  6831 | D:8      | HP: 11/111 [fire dragon (4)]
  6833 | D:8      | Slain by a fire dragon

Vanquished Creatures
  Maggie (D:7)
  A hornet (D:7)
  Grinder (D:3)
  A wyvern (D:7)
  Menkaure (D:5)
  2 water moccasins (D:7)
  Duvessa (D:5)
  An orc warrior (D:6)
  2 sky beasts
  2 black bears
  2 ice beasts
  2 ogres
  A kobold brigand (D:7)
  2 phantoms
  3 bullfrogs
  A necrophage (D:4)
  Dowan (D:5)
  5 killer bees (D:6)
  4 crimson imps (D:4)
  2 orc priests (D:7)
  2 hounds
  2 iguanas (D:5)
  Natasha (thrice) (D:3)
  4 orc wizards
  4 gnolls (D:5)
  7 adders
  A white imp (D:5)
  An ufetubus (D:4)
  A worm (D:2)
  2 dart slugs
  21 orcs
  8 endoplasms
  5 giant cockroaches
  5 goblins
  5 hobgoblins
  10 jackals
  10 kobolds
  A quokka (D:5)
  8 ball pythons
  9 bats
  A frilled lizard (D:2)
  5 rats
151 creatures vanquished.

Vanquished Creatures (others)
  A fungus (D:4)
  22 toadstools (D:4)
23 creatures vanquished.

Grand Total: 174 creatures vanquished

Table legend:
 A = Non-vault XP
 B = Vault XP
 C = Vault XP percentage of total XP
 D = Non-vault monster count
 E = Vault monster count
 F = Vault count percentage of total count
                 A         B        C        D         E       F
            +---------+---------+-------+---------+---------+-------
      Total |    2909 |    2154 |  42.5 |     129 |      22 |  14.6
            +---------+---------+-------+---------+---------+-------
        D:1 |      42 |       5 |  10.6 |      26 |       3 |  10.3
        D:2 |      42 |      11 |  20.8 |      17 |       4 |  19.0
        D:3 |     103 |     307 |  74.9 |      15 |       2 |  11.8
        D:4 |     200 |     192 |  49.0 |      14 |       4 |  22.2
        D:5 |     413 |     553 |  57.2 |      17 |       5 |  22.7
        D:6 |    1146 |       0 |   0.0 |      23 |       0 |   0.0
        D:7 |     963 |    1086 |  53.0 |      17 |       4 |  19.0
            +---------+---------+-------+---------+---------+-------

Illustrated notes

Table legend:
 A = Kills in this place as a percentage of kills in entire the game.
 B = Kills by you in this place as a percentage of kills by you in the entire game.
 C = Kills by friends in this place as a percentage of kills by friends in the entire game.
 D = Other kills in this place as a percentage of other kills in the entire game.
 E = Experience gained in this place as a percentage of experience gained in the entire game.
 F = Experience gained in this place divided by the number of levels of this place that you have seen.
                   A       B       C       D       E      F
               +-------+-------+-------+-------+-------+----------------------
         Total | 100.0 | 100.0 |   N/A |   N/A | 100.0 | 632.9
       Dungeon | 100.0 | 100.0 |   N/A |   N/A | 100.0 | 632.9
               +-------+-------+-------+-------+-------+----------------------

Table legend: (Time is in decaauts)
 A = Elapsed time spent in this place.
 B = Non-inter-level travel time spent in this place.
 C = Inter-level travel time spent in this place.
 D = Time resting spent in this place.
 E = Time spent auto-exploring this place.
 F = Levels seen in this place.
 G = Mean time per level.
                   A        B        C        D        E       F      G
               +--------+--------+--------+--------+--------+-----+--------+
         Total |   6941 |   6804 |    137 |    701 |   4846 |   8 |  867.6 |
       Dungeon |   6941 |   6804 |    137 |    701 |   4846 |   8 |  867.6 |
               +--------+--------+--------+--------+--------+-----+--------+

Top non-repeatable levels by time:
     D:6: 1423 daAuts
     D:2: 1163 daAuts
     D:7: 1082 daAuts
     D:3: 905 daAuts
     D:1: 826 daAuts
     D:5: 777 daAuts
     D:4: 711 daAuts
     D:8: 49 daAuts
